 Dungeon Crawl Stone Soup version 0.29.1-1-gd02db6906a (webtiles) character file.

Game seed: 11755629593969866193

1522 xian the Covert (level 8, -13/50 HPs)
             Began as an Octopode Enchanter on Oct 16, 2022.
             Was an Elder of Zin.
             Mangled by an ogre
             ... wielding a +0 giant club
              (32 damage)
             ... on level 5 of the Dungeon.
             The game lasted 00:16:29 (7089 turns).

xian the Covert (Octopode Enchanter)                Turns: 7089, Time: 00:16:30

Health: -13/50     AC:  1    Str:  9    XL:     8   Next: 84%
Magic:  6/12       EV: 14    Int: 18    God:    Zin [****..]
Gold:   334        SH:  0    Dex: 18    Spells: 8/13 levels left

rFire   . . .      SeeInvis .   o - +0 short sword (elec)
rCold   . . .      Faith    .   (no shield)
rNeg    . . .      Spirit   .   (helmet restricted)
rPois   .          Reflect  .   (no amulet)
rElec   .          Harm     .   g - ring of resist corrosion
rCorr   +          Rampage  .   k - +6 ring of dexterity
Will    .....                   (no ring)
Stlth   +++++.....              (no ring)
HPRegen 0.16/turn               (no ring)
MPRegen 0.13/turn               (no ring)
                                (no ring)
                                (no ring)

@: on recite cooldown
A: almost no armour, amphibious, 8 rings, camouflage 1, gelatinous body 1,
(nimble swimmer 1), tentacles
a: Renounce Religion, Recite, Vitalisation, Imprison, Donate Gold


You were on level 5 of the Dungeon.
You worshipped Zin.
Zin was greatly pleased with you.
You visited 1 branch of the dungeon, and saw 5 of its levels.
You also visited: Sewer.

You collected 371 gold pieces.
You donated 37 gold pieces to Zin.

Inventory:

Hand Weapons
 o - a +0 short sword of electrocution (weapon)
 w - a +0 dagger of distortion
Missiles
 i - 38 poisoned darts (quivered)
Magical Staves
 d - a staff of poison
 u - a staff of conjuration
Jewellery
 g - a ring of resist corrosion (left tentacle)
 k - a +6 ring of dexterity (right tentacle)
Scrolls
 a - 3 scrolls of enchant armour {unknown}
 e - 2 scrolls of enchant weapon
 h - a scroll of fear {unknown}
 j - 3 scrolls of blinking
 q - 3 scrolls of teleportation
 t - a scroll of torment {unknown}
Potions
 b - 2 potions of invisibility
 c - 2 potions of haste
 f - 2 potions of curing {unknown}
 l - a potion of cancellation {unknown}
 m - a potion of attraction {unknown}
 n - 2 potions of resistance {unknown}
 p - 3 potions of heal wounds
 r - 3 potions of berserk rage {unknown}
 s - 2 potions of might {unknown}
 v - a potion of flight {unknown}


   Skills:
 + Level 2.2 Fighting
 + Level 4.1 Short Blades
 + Level 1.6 Throwing
 + Level 3.6 Dodging
 + Level 9.5 Stealth
 + Level 3.0 Spellcasting
 + Level 4.0 Hexes
 + Level 1.8 Ice Magic
 * Level 4.6 Invocations


You had 8 spell levels left.
You knew the following spells:

 Your Spells              Type           Power      Damage    Failure   Level
a - Ensorcelled Hibernat  Hex/Ice        26%        N/A       8%          2
b - Confusing Touch       Hex            17%        N/A       10%         3

Your spell library contained the following spells:

 Spells                   Type           Power      Damage    Failure   Level
 Tukima's Dance           Hex            17%        N/A       10%         3
 Dazzling Flash           Conj/Hex       18%        N/A       22%         3
 Ignite Poison            Fire/Tmut/Pois 2%         N/A       43%         3
 Mephitic Cloud           Conj/Pois/Air  2%         N/A       43%         3
 Freezing Cloud           Conj/Ice/Air   2%         6-21      98%         5


Dungeon Overview and Level Annotations

Branches:
Dungeon (5/15)             Temple (0/1) D:4           Sewer (visited)

Altars:
Zin


Innate Abilities, Weirdness & Mutations

You cannot wear most types of armour.
You are amphibious.
You can wear up to eight rings at the same time.
Your skin changes colour to match your surroundings (Stealth+).
Your rubbery body absorbs attacks. (AC +1, EV +1)
((You are camouflaged when in or above water. (Stealth+)))
You have tentacles for arms and can constrict up to eight enemies at once.


Message History

Aim: an ogre, wielding a +0 giant club (lightly wounded, chance to affect: 47%)
The ogre resists with some effort.
The ogre closely misses you. The ogre attacks as you move away!
The ogre closely misses you.
There is an open door here.
Casting: Ensorcelled Hibernation (safe; 8% risk of failure)
Confirm with . or Enter, or press ? or * to list all spells.
Aiming: Ensorcelled Hibernation (safe; 8% risk of failure)
Press: ? - help, Shift-Dir - straight line, f/p - ogre
Aim: an ogre, wielding a +0 giant club (lightly wounded, chance to affect: 47%)
The ogre resists with some effort.
The ogre hits you with a +0 giant club!
Casting: Ensorcelled Hibernation (safe; 8% risk of failure)
Confirm with . or Enter, or press ? or * to list all spells.
Aiming: Ensorcelled Hibernation (safe; 8% risk of failure)
Press: ? - help, Shift-Dir - straight line, f/p - ogre
Aim: an ogre, wielding a +0 giant club (lightly wounded, chance to affect: 47%)
The ogre resists with some effort.
The ogre barely misses you.
Activating: Recite (0% risk of failure)
Press: ? - help, Dir - look around, f - activate You clear your throat and prepare to recite. "And Zin, furious at their doubt, held..."
Casting: Ensorcelled Hibernation (safe; 8% risk of failure)
Confirm with . or Enter, or press ? or * to list all spells.
Aiming: Ensorcelled Hibernation (safe; 8% risk of failure)
Press: ? - help, Shift-Dir - straight line, f - ogre
Aim: an ogre, wielding a +0 giant club (lightly wounded, chance to affect: 47%)
The ogre resists with some effort. "...aloft a silver sceptre!
The heretics..."
The ogre is dazed by your recitation. The ogre closely misses you.
You closely miss the ogre.
The ogre is lightly wounded.
The ogre completely misses you.
You hit the ogre. You squeeze the ogre!
The ogre is severely wounded. "...were smitten, and thus the way of things was maintained."
You finish reciting Apostates 24:74.
You hit the ogre.
The ogre is almost dead.
The ogre hits you with a +0 giant club!!
Ouch! That really hurt!
You die...

##### #...# #.†##.#...#.# #...#
##### ##....##..#.# #...#
###.....##.# #...# #...####.#
#...####### #..>.....#
####.........##########.#######
...'.........+..........#
####.........############
#.........##.@....#
#.........##O.....#
##########........# #.#......#
#######'########
#.............# #.............#
#.............# #...#######..!#


You could see an ogre (dazed).

Vanquished Creatures
  Eustachio (D:4)
  Edmund (D:4)
  A water moccasin (D:5)
  A black bear (D:5)
  A centaur (D:5)
  3 kobold brigands (Sewer)
  4 scorpions
  2 orc priests (D:4)
  A jelly (D:5)
  3 hounds (D:5)
  An iguana (D:4)
  An orc wizard (D:4)
  6 gnolls
  2 river rats
  6 adders
  2 worms (Sewer)
  2 dart slugs
  13 orcs
  13 endoplasms
  4 giant cockroaches
  27 goblins
  30 hobgoblins
  2 quokkas (D:4)
  9 ball pythons
  7 bats
  2 frilled lizards (D:1)
  19 kobolds
  6 rats
170 creatures vanquished.

Notes
Turn   | Place    | Note
-------+----------+-------------------------------------------
     0 | D:1      | xian the Octopode Enchanter began the quest for the Orb.
     0 | D:1      | Reached XP level 1. HP: 11/11 MP: 3/3
    86 | D:1      | Reached XP level 2. HP: 2/17 MP: 5/5
    89 | D:1      | Learned a level 2 spell: Ensorcelled Hibernation
   578 | D:1      | Found a faded altar of an unknown god.
   581 | D:1      | Reached XP level 3. HP: 17/21 MP: 6/6
   588 | D:1      | Prayed at the altar of an unknown god.
   588 | D:1      | Became a worshipper of Zin the Law-Giver
   588 | D:1      | Reached * piety under Zin
   890 | D:1      | Reached ** piety under Zin
  1068 | D:1      | Learned a level 3 spell: Confusing Touch
  1394 | D:2      | Reached skill level 5 in Stealth
  1456 | D:2      | Reached *** piety under Zin
  1870 | D:3      | Reached XP level 4. HP: 9/27 MP: 7/7
  2653 | D:4      | Found a glowing drain.
  2686 | Sewer    | Entered a sewer
  2826 | Sewer    | Reached skill level 1 in Invocations
  2903 | Sewer    | Noticed a kobold brigand
  2916 | Sewer    | Killed a kobold brigand
  2917 | Sewer    | Reached XP level 5. HP: 8/32 MP: 8/8
  3330 | Sewer    | Noticed a kobold brigand
  3331 | Sewer    | Noticed a kobold brigand
  3339 | Sewer    | Killed a kobold brigand
  3340 | Sewer    | Reached skill level 6 in Stealth
  3340 | Sewer    | Reached XP level 6. HP: 37/37 MP: 9/9
  3342 | Sewer    | Reached skill level 1 in Fighting
  3497 | D:4      | Reached skill level 1 in Ice Magic
  3514 | D:4      | Reached XP level 7. HP: 43/43 MP: 10/10
  3556 | D:4      | Found a staircase to the Ecumenical Temple.
  3656 | D:4      | Reached skill level 7 in Stealth
  3798 | D:4      | Noticed Edmund
  3850 | D:4      | Killed Edmund
  4149 | D:4      | Noticed Eustachio
  4157 | D:4      | Killed Eustachio
  4158 | D:4      | Reached skill level 1 in Throwing
  4294 | D:4      | HP: 1/43 [orc priest/divine providence (13)]
  4295 | D:4      | Reached skill level 8 in Stealth
  4295 | D:4      | Reached XP level 8. HP: 1/48 MP: 12/12
  4962 | D:5      | Entered Level 5 of the Dungeon
  5582 | D:5      | Zin protects you from harm!
  6461 | D:5      | Reached skill level 9 in Stealth
  6782 | D:5      | Reached **** piety under Zin
  7089 | D:5      | Mangled by an ogre

Illustrated notes

Levels and vault maps discovered:
D:1:      enne_arrival_octagon_isle, layout_basic,
          ebering_ecumenical_altar_sacrificial, minmay_misc_feat_enclosed
D:2:      layout_loops_cross
D:3:      layout_basic
D:4:      layout_loops_corners, temple_statues, portal_sewer_entry_b,
          uniq_eustachio, uniq_edmund
D:5:      minmay_goblin_kobold_castle, layout_basic,
          mainiacjoe_overflow_alcove_3, amcnicky_mini_pool_small,
          kennysheep_path_1, mrwooster_statue_mirror, roderic_nine_men_s_morris

Skill      XL: |  1  2  3  4  5  6  7  8 |
---------------+-------------------------+-----
Stealth        | 5 6 8 9 |  9.5
Short Blades   | 2 3 4 |  4.1
Invocations    | 1 2 3 4 |  4.6
Fighting       | 1 2 |  2.2
Ice Magic      | 1 |  1.8
Dodging        | 3 |  3.6
Throwing       | 1 |  1.6
Spellcasting   | 3 |  3.0
Hexes          | 4 |  4.0

Action                   |  1- 3 |  4- 6 |  7- 9 || total
-------------------------+-------+-------+-------++-------
Melee: Dagger            |    64 |     9 |       ||    73
       Constrict         |    13 |    12 |    43 ||    68
       Tentacles         |    13 |    10 |    31 ||    54
       Punch             |     1 |       |     1 ||     2
       Short sword       |       |    56 |   161 ||   217
Throw: Dart              |     1 |       |    20 ||    21
 Cast: Ensorcelled Hiber |       |     9 |    16 ||    25
Invok: Recite            |     1 |     1 |     5 ||     7
       Vitalisation      |       |       |     1 ||     1
  Use: Scroll            |       |     7 |       ||     7
       Potion            |       |       |     3 ||     3
 Stab: Sleeping          |    15 |    15 |    25 ||    55
       Invisible         |       |       |     2 ||     2
Armor: Skin              |     6 |     2 |     6 ||    14
Dodge: Dodged            |    35 |    41 |   127 ||   203
